 Seeded DCSS version 0.24.0-123-gd5b16e6ec5 (webtiles) character file.

Game seed: 16997218937989440053, levelgen mode: deterministic

495184 McKennaii the Demonic Blade (level 23, -3/219 HPs)
             Began as a Demonspawn Fighter on Jan 5, 2020.
             Was the Champion of Makhleb.
             Killed by divine providence
             ... invoked by a greater mummy
              (7 damage)
             ... on level 1 of the Tomb of the Ancients on Jan 6, 2020.
             The game lasted 02:23:49 (40545 turns).

McKennaii the Demonic Blade (Demonspawn Fighter)   Turns: 40545, Time: 02:23:50

Health: -3/219     AC: 36    Str: 36      XL:     23   Next: 95%
Magic:  0/38       EV:  5    Int:  3 (6)  God:    Makhleb [******]
Gold:   7177       SH:  0    Dex: 20      Spells: 22/22 levels left

rFire    . . .     SeeInvis .   E - +7 Screaming Sword {slice, sonic wave}
rCold    + + .     Gourm    .   J - +5 large shield {rC+}
rNeg     + + .     Faith    .   K - +8 plate armour "Huept" {rElec rN++ MR++}
rPois    +         Spirit   +   (helmet unavailable)
rElec    +         Reflect  +   e - scarf {Spirit}
rCorr    +         Harm     .   F - +2 pair of gloves {Str+3}
MR       +++..                  M - +1 pair of boots
Stlth    ..........             C - +2 amulet of reflection
HPRegen  0.46/turn              B - ring of Joebeng {rF+ Dex+5 Stlth+}
MPRegen  0.26/turn              i - ring "Eddod" {Ice rPois Str+9 Int-4}

@: held, slowed, lightly drained, very slow
A: horns 3, yellow scales 3, demonic guardian 3, foul stench 2, high mp 1,
robust 2, rot immunity
}: 2/15 runes: barnacled, silver
a: Minor Destruction, Lesser Servant of Makhleb, Major Destruction, Greater
Servant of Makhleb, Renounce Religion


You were on level 1 of the Tomb of the Ancients.
You worshipped Makhleb.
Makhleb was exalted by your worship.
You were near starving.

You visited 9 branches of the dungeon, and saw 41 of its levels.
You also visited: Bailey and Volcano.

You collected 8692 gold pieces.
You spent 1515 gold pieces at shops.

Inventory:

Hand Weapons
 E - the +7 Screaming Sword (weapon) {slice, sonic wave}
   (You found it on level 6 of the Dungeon)

   It inflicts extra damage upon your enemies.
Armour
 e - a scarf of spirit shield (worn)
 F - a +2 pair of gloves of strength (worn)
 J - a +5 large shield of cold resistance (worn)
 K - the +8 plate armour "Huept" (worn) {rElec rN++ MR++}
   (You found it in a bailey)

   It insulates you from electricity.
   It greatly protects you from negative energy.
   It affects your resistance to hostile enchantments.
 M - a +1 pair of boots (worn)
Jewellery
 i - the ring "Eddod" (right hand) {Ice rPois Str+9 Int-4}
   (You took it off a merfolk aquamancer on level 3 of the Shoals)

   [ring of ice]

   It enhances your ice magic.
   It affects your strength (+9).
   It affects your intelligence (-4).
   It makes you vulnerable to fire.
   It protects you from cold.
   It protects you from poison.
 k - an uncursed ring of see invisible
 B - the ring of Joebeng (left hand) {rF+ Dex+5 Stlth+}
   (You took it off a deep elf mage on level 3 of the Elven Halls)

   [ring of dexterity]

   It affects your dexterity (+5).
   It protects you from fire.
   It makes you more stealthy.
 C - a +2 amulet of reflection (around neck)
 Q - an uncursed ring of protection from fire
 Y - an uncursed ring of protection from cold
 Z - a +2 ring of dexterity
Wands
 t - a wand of polymorph (17)
 x - a wand of enslavement (23)
 G - a wand of digging (7)
 N - a wand of flame (82)
 P - a wand of disintegration (37)
 S - a wand of acid (19)
 T - a wand of iceblast (48)
 U - a wand of random effects (35)
 W - a wand of paralysis (24)
Scrolls
 c - 21 scrolls of identify
 g - 7 scrolls of fog
 h - 10 scrolls of blinking
 m - 3 scrolls of amnesia
 p - 2 scrolls of acquirement
 r - 9 scrolls of fear
 w - 6 scrolls of magic mapping
 y - 15 scrolls of teleportation
 A - 12 scrolls of immolation
 D - 12 scrolls of remove curse
 I - 2 scrolls of enchant armour
 L - a scroll of brand weapon
 O - 3 scrolls of summoning
 R - a scroll of silence
Potions
 a - 8 potions of lignification
 b - 5 potions of magic
 d - 7 potions of might
 j - 17 potions of curing
 l - 7 potions of flight
 n - 10 potions of mutation
 o - 3 potions of invisibility
 q - 11 potions of heal wounds
 s - 4 potions of agility
 u - 4 potions of resistance
 v - 4 potions of cancellation
 z - 2 potions of haste
 H - 8 potions of brilliance
 V - 5 potions of berserk rage
 X - 3 potions of ambrosia
Comestibles
 f - 80 rations


   Skills:
 + Level 15.7(15.4) Fighting
 * Level 21.7(21.3) Long Blades
 * Level 17.3(16.9) Armour
 + Level 3.6(3.3) Dodging
 + Level 4.1(3.8) Stealth
 * Level 20.2(19.8) Shields
 + Level 0.6(0.4) Unarmed Combat
 + Level 16.3(15.9) Invocations
 + Level 0.7(0.5) Evocations


You had 22 spell levels left.
You didn't know any spells.
Your spell library contained the following spells:

 Spells                   Type           Power        Failure   Level  Hunger
 Animate Skeleton         Necr           N/A          99%         1    ##.....
 Apportation              Tloc           #.....       99%         1    ##.....
 Beastly Appendage        Tmut           #.....       99%         1    ##.....
 Confusing Touch          Hex            #.....       99%         1    ##.....
 Corona                   Hex            #......      99%         1    ##.....
 Flame Tongue             Conj/Fire      #....        99%         1    ##.....
 Freeze                   Ice            #...         99%         1    ##.....
 Magic Dart               Conj           #...         99%         1    ##.....
 Pain                     Necr           #...         99%         1    ##.....
 Summon Small Mammal      Summ           #...         99%         1    ##.....
 Blink                    Tloc           N/A          100%        2    ###....
 Call Imp                 Summ           #.......     100%        2    ###....
 Corpse Rot               Necr           N/A          100%        2    ###....
 Poisonous Vapours        Pois/Air       #.....       100%        2    ###....
 Shroud of Golubria       Chrm/Tloc      #.....       100%        2    ###....
 Slow                     Hex            #.......     100%        2    ###....
 Sublimation of Blood     Necr           #.........   100%        2    ###....
 Throw Flame              Conj/Fire      #.....       100%        2    ###....
 Throw Frost              Conj/Ice       #.....       100%        2    ###....
 Call Canine Familiar     Summ           #.......     100%        3    ####...
 Confuse                  Hex            #.......     100%        3    ####...
 Conjure Flame            Conj/Fire      #.......     100%        3    ####...
 Gell's Gravitas          Tloc           #.........   100%        3    ####...
 Inner Flame              Hex/Fire       #.......     100%        3    ####...
 Lesser Beckoning         Tloc           #.........   100%        3    ####...
 Mephitic Cloud           Conj/Pois/Air  #.......     100%        3    ####...
 Ozocubu's Armour         Chrm/Ice       #.......     100%        3    ####...
 Portal Projectile        Hex/Tloc       #.....       100%        3    ####...
 Recall                   Summ/Tloc      N/A          100%        3    ####...
 Regeneration             Chrm/Necr      #.........   100%        3    ####...
 Stone Arrow              Conj/Erth      #.....       100%        3    ####...
 Summon Guardian Golem    Hex/Summ       #.......     100%        3    ####...
 Teleport Other           Tloc           #.......     100%        3    ####...
 Vampiric Draining        Necr           #.........   100%        3    ####...
 Animate Dead             Necr           N/A          100%        4    #####..
 Cause Fear               Hex            #.........   100%        4    #####..
 Force Lance              Conj/Tloc      #.......     100%        4    #####..
 Ice Form                 Ice/Tmut       #.......     100%        4    #####..
 Leda's Liquefaction      Hex/Erth       #.........   100%        4    #####..
 Passage of Golubria      Tloc           N/A          100%        4    #####..
 Petrify                  Tmut/Erth      #.......     100%        4    #####..
 Sticky Flame             Conj/Fire      #.......     100%        4    #####..
 Summon Ice Beast         Ice/Summ       #.......     100%        4    #####..
 Summon Lightning Spire   Summ/Air       #.......     100%        4    #####..
 Throw Icicle             Conj/Ice       #.......     100%        4    #####..
 Bolt of Magma            Conj/Fire/Erth #.........   100%        5    ######.
 Borgnjor's Vile Clutch   Necr/Erth      #.........   100%        5    ######.
 Fireball                 Conj/Fire      #.........   100%        5    ######.
 Irradiate                Conj/Tmut      #.........   100%        5    ######.
 Iskenderun's Battlesphe  Conj/Chrm      #.......     100%        5    ######.
 Metabolic Englaciation   Hex/Ice        #.........   100%        5    ######.
 Silence                  Hex/Air        #.........   100%        5    ######.
 Summon Forest            Summ/Tloc      #.........   100%        5    ######.
 Venom Bolt               Conj/Pois      #.........   100%        5    ######.
 Yara's Violent Unravell  Hex/Tmut       #.........   100%        5    ######.
 Bolt of Cold             Conj/Ice       #.........   100%        6    #######
 Conjure Ball Lightning   Conj/Air       #.........   100%        6    #######
 Death Channel            Necr           #.........   100%        6    #######
 Deflect Missiles         Chrm/Air       #.........   100%        6    #######
 Dispersal                Tloc           #.........   100%        6    #######
 Freezing Cloud           Conj/Ice/Air   #.........   100%        6    #######
 Hydra Form               Tmut           #.........   100%        6    #######
 Iron Shot                Conj/Erth      #.........   100%        6    #######
 Ozocubu's Refrigeration  Ice            #.........   100%        6    #######
 Simulacrum               Ice/Necr       #.........   100%        6    #######
 Statue Form              Tmut/Erth      #........    100%        6    #######
 Dragon Form              Tmut           #.........   100%        7    #######
 Haunt                    Necr/Summ      #.........   100%        7    #######
 Orb of Destruction       Conj           #.........   100%        7    #######
 Ring of Flames           Chrm/Fire      #.........   100%        7    #######
 Spellforged Servitor     Conj/Summ      #.........   100%        7    #######
 Summon Hydra             Summ           #.........   100%        7    #######
 Borgnjor's Revivificati  Necr           #.........   100%        8    #######
 Controlled Blink         Tloc           N/A          100%        8    #######
 Death's Door             Chrm/Necr      #.........   100%        8    #######
 Disjunction              Tloc           #.........   100%        8    #######
 Infestation              Necr           #.........   100%        8    #######
 Necromutation            Tmut/Necr      #.........   100%        8    #######
 Tornado                  Air            #.........   100%        9    #######


Dungeon Overview and Level Annotations

Branches:
Dungeon (15/15)            Temple (1/1) D:7            Lair (6/6) D:10
 Shoals (4/4) Lair:2       Spider (0/4) Lair:2        Slime (0/5) Lair:5
    Orc (2/2) D:12            Elf (3/3) Orc:2        Vaults (5/5) D:13
  Crypt (3/3) Vaults:2       Tomb (2/3) Crypt:3      Depths (0/5) D:15
 Bailey (visited)         Volcano (visited)

Altars:
Ashenzari
Cheibriados
Dithmenos
Elyvilon
Fedhas
Gozag
Hepliaklqana
Kikubaaqudgha
Makhleb
Nemelex Xobeh
Okawaru
Qazlal
Ru
Sif Muna
Trog
Uskayaw
Vehumet
Wu Jian
Xom
Yredelemnul
Zin
The Shining One

Shops:
D:6 }   D:8 [   D:10 *   Orc:1 =?(*   Orc:2 [=(*   Elf:1 [[:(   Elf:2 *
Elf:3 :*   Vaults:2 [   Vaults:3 [   Vaults:5 [

Portals:
Trove: Vaults:2 (give 8 potions of agility)

Annotations:
D:4 exclusion: statue


Innate Abilities, Weirdness & Mutations

You have a pair of large horns on your head.
You are completely covered in yellow scales. (AC +4, rCorr)
A powerful demonic guardian rushes to your aid.
You frequently emit foul miasma when damaged in melee.
You are very robust. (+20% HP)
You are immune to rotting.
You have an increased reservoir of magic. (+10% MP)


Message History

Unknown command.
Unknown command.
Unknown command.
You struggle against the net.
The death scarab bites you but does no damage. x2
The greater mummy hits you but does no damage.
The greater mummy calls on the powers of darkness!
Your body is wracked with pain!
* * * LOW HITPOINT WARNING * * *
The greater mummy gestures wildly while chanting.
The greater mummy calls on the powers of darkness!
Your body is wracked with pain!
* * * LOW HITPOINT WARNING * * *
The greater mummy hits you but does no damage.
The greater mummy hits you!!
* * * LOW HITPOINT WARNING * * *
You emit a cloud of foul miasma!
The greater mummy casts a spell at you. Something smites you!
You die...

...############## #..........#
''## ...... . #..........# ...#
....!#. #..........# .8.# .
WZ..M## #..........# ...# ..
#...M. #..........# ...#
.^.#..s.. #..........# .8.#
.....M33####..........# ...#
#3MMMs.##..........# ...#
^..#.M.@..##..........# .8.#
M......'####..........# ...#
.......#..##..........# ...#
.......#..##..........# .8.#
############....†.....#
...##################....†.....#
...............................#
.8.............................#
...............................#


You could see 7 greater mummies, a soul eater, a phantasmal warrior, a neqoxec,
a ynoxinul, 2 death scarabs, a mummy and a tengu zombie.

Vanquished Creatures
  2 ancient liches (Crypt:3)
  Mara (Shoals:3)
  Sojobo (Vaults:3)
  7 greater mummies
  Boris (twice) (Vaults:3 Vaults:5)
  Bai Suzhen (Shoals:4)
  Saint Roka (Crypt:3)
  Xtahua (Vaults:2)
  The ghost of Jetyrhek the Devastator, a veteran GrEE of Lugonu (Crypt:2)
  A golden dragon (Vaults:5)
  3 tentacled monstrosities
  Jorgrun (Elf:2)
  The ghost of nano the Eclecticist, an adept FeIE of Dithmenos (Crypt:1)
  Rupert (D:12)
  2 deep elf blademasters (Elf:3)
  Asterion (Vaults:3)
  3 titans (Vaults:5)
  2 liches
  The ghost of Lolleill the Bludgeoner, an adept DgTm (Vaults:2)
  A deep elf master archer (Elf:3)
  Frances (D:13)
  An ancient champion (Crypt:1)
  8 sphinxes
  Gastronok (Orc:1)
  A sphinx (shapeshifter) (Vaults:5)
  7 tengu reavers
  2 shadow dragons (Vaults:5)
  3 storm dragons
  2 revenants
  3 fire giants (Vaults:5)
  4 frost giants (Vaults:5)
  10 deep elf sorcerers
  3 iron dragons (Vaults:5)
  2 orc warlords
  Aizul (Vaults:3)
  22 vault wardens
  A curse skull (Crypt:3)
  A ghost moth (shapeshifter) (Vaults:5)
  3 deep elf elementalists (Elf:3)
  9 ironheart preservers
  3 ghouls (Crypt:1)
  4 war gargoyles
  An entropy weaver (Vaults:3)
  7 stone giants
  3 deep elf demonologists
  3 bennus
  8 very ugly things
  3 vampire knights
  3 large abominations
  Azrael (D:13)
  4 deep elf annihilators (Elf:3)
  A minotaur (Lair:1)
  5 ettins
  An eidolon (Crypt:3)
  5 deep elf death magi
  4 merfolk impalers
  4 merfolk javelineers
  Snorg (D:11)
  13 mummy priests
  The ghost of Ulophu the Grappler, a journeyman TrMo of Ru (D:10)
  Josephine (D:13)
  7 deep elf high priests
  A jiangshi (Crypt:1)
  16 yaktaur captains
  A great orb of eyes (Vaults:2)
  29 vault guards
  2 fire dragons (Lair:6)
  3 hydras
  4 ice dragons
  Harold (D:7)
  A rakshasa (Vaults:3)
  A catoblepas (Shoals:4)
  2 alligator snapping turtles (Shoals:1)
  2 death knights
  6 merfolk aquamancers
  7 centaur warriors
  3 merfolk avatars (Shoals:3)
  A two-headed ogre (shapeshifter) (D:15)
  6 ogre magi
  24 dancing weapons
  2 deep troll shamans (Vaults:2)
  25 two-headed ogres
  The ghost of jaiteiro the Archer, a novice CeHu of Okawaru (Lair:1)
  2 tengu warriors (D:15)
  5 satyrs
  3 vampire magi
  5 orc high priests
  35 death scarabs
  Urug (D:11)
  A deep troll earth mage (Vaults:2)
  6 small abominations
  A hell knight (Volcano)
  4 shadow wraiths
  2 soul eaters (Vaults:2)
  A sun demon (Volcano)
  18 deep elf knights
  A fire crab (shapeshifter) (Vaults:4)
  19 skeletal warriors
  12 sea snakes
  3 unseen horrors
  15 flayed ghosts
  3 wizards
  2 glowing orange brains (Vaults:4)
  13 deep elf archers
  2 deep trolls (Vaults:2)
  13 phantasmal warriors
  2 lindwurms (Lair:6)
  A swamp dragon (Lair:6)
  An anaconda skeleton (Crypt:3)
  15 ironbrand convokers
  13 harpies
  A harpy (shapeshifter) (Vaults:5)
  5 wolf spiders
  61 deep elf magi
  24 orc knights
  4 orc sorcerers
  A salamander (D:15)
  2 fire giant zombies (Tomb:2)
  15 fauns
  2 shadow dragon skeletons
  44 ugly things
  10 manticores
  A cyclops (shapeshifter) (Vaults:5)
  10 cyclopes
  3 elephants (Lair:5)
  5 merfolk sirens
  17 vault sentinels
  6 fire giant skeletons (Crypt:3)
  9 water nymphs
  6 gargoyles
  4 spiny frogs
  4 black mambas
  5 torpor snails (Lair:6)
  A kobold demonologist (D:11)
  A minotaur zombie (Crypt:2)
  35 yaktaurs
  11 freezing wraiths
  3 rime drakes
  A rime drake (shapeshifter) (Vaults:4)
  A komodo dragon (shapeshifter) (Vaults:5)
  A pale draconian skeleton (Crypt:2)
  2 tengu conjurers (D:15)
  18 guardian mummies
  11 komodo dragons
  35 merfolk
  2 red devils (Volcano)
  11 trolls
  3 tyrant leeches (Lair:6)
  10 hornets
  A meliai (shapeshifter) (Vaults:3)
  A queen bee (D:10)
  6 wind drakes
  2 jumping spiders
  A jumping spider (shapeshifter) (Vaults:3)
  Grinder (D:5)
  Prince Ribbit (D:8)
  A hydra zombie (Tomb:1)
  A harpy skeleton (Crypt:3)
  A hornet (shapeshifter) (D:14)
  15 slime creatures
  13 snapping turtles
  13 dream sheep
  A hydra skeleton (Crypt:3)
  8 wraiths
  10 flying skulls
  11 fire dragon skeletons (Crypt:3)
  7 hippogriffs
  A tarantella (Vaults:3)
  2 air elementals
  2 centaur simulacra (D:15)
  An alligator skeleton (Tomb:1)
  4 shadows (Crypt:3)
  10 water elementals
  An ice dragon skeleton (Crypt:3)
  3 redbacks
  40 yaks
  8 wyverns
  A vampire (D:14)
  A human (D:9)
  A yak (shapeshifter) (Vaults:5)
  7 hungry ghosts
  7 ushabtiu
  A golden eye (shapeshifter) (Vaults:2)
  4 hogs (D:9)
  9 basilisks
  A steam dragon (Lair:6)
  9 fire elementals
  A hog (shapeshifter) (Vaults:5)
  5 vampire mosquitoes (D:14)
  A glowing shapeshifter zombie (Crypt:1)
  A gelid demonspawn zombie (Crypt:2)
  4 wargs
  Edmund (D:5)
  3 acid dragons
  8 water moccasins
  7 hell hounds
  51 orc warriors
  A merfolk skeleton (Crypt:2)
  A deep troll skeleton (Crypt:1)
  4 porcupines
  4 sky beasts
  4 swamp drakes (Lair:6)
  A black bear (shapeshifter) (D:15)
  2 swamp dragon zombies
  A hornet zombie (Crypt:1)
  An ice beast (shapeshifter) (Vaults:3)
  An ettin simulacrum (Vaults:3)
  2 eyes of draining (D:11)
  2 phantoms
  2 black bears
  6 ice beasts
  3 necrophages
  4 wolves
  3 boggarts (Vaults:3)
  30 ogres
  15 centaurs
  7 crocodiles
  A swamp dragon skeleton (Crypt:3)
  2 big kobolds
  An octopode zombie (Crypt:1)
  15 bullfrogs
  2 earth elementals
  A komodo dragon skeleton (Crypt:1)
  A wyvern skeleton (D:14)
  4 scorpions (D:6)
  A hornet simulacrum (D:14)
  2 water moccasin skeletons
  16 killer bees
  2 wights (D:15)
  A howler monkey (D:13)
  7 crimson imps
  A wolf skeleton (Crypt:2)
  5 centaur zombies
  A quasit (D:10)
  5 centaur skeletons
  2 bullfrog zombies
  4 jellies
  2 hounds
  19 orc priests
  3 bullfrog skeletons
  24 orc wizards
  Crazy Yiuf (D:5)
  7 iguanas
  Ijyb (D:3)
  Natasha (thrice) (D:3)
  7 worker ants
  A porcupine skeleton (Crypt:2)
  A tengu zombie (Crypt:2)
  An acid dragon skeleton (Crypt:1)
  A hound zombie (D:10)
  49 mummies
  16 adders
  11 gnolls
  A white imp (Vaults:1)
  An ooze (D:1)
  4 adder zombies
  An iguana skeleton (Crypt:1)
  A lava snake zombie (Crypt:1)
  2 adder skeletons
  6 worms
  3 dart slugs
  4 leopard geckos
  127 orcs
  2 ball pythons
  15 bats
  3 giant cockroaches
  10 goblins
  3 hobgoblins
  8 jackals
  11 kobolds
  6 quokkas
  A ball python zombie (D:4)
  6 frilled lizards
  A frilled lizard skeleton (Crypt:2)
  A giant cockroach zombie (D:5)
  A hobgoblin zombie (Crypt:3)
  2 jackal skeletons
  A kobold skeleton (Crypt:3)
  A leopard gecko skeleton (D:5)
  10 rats
  17 crawling corpses (Vaults:5)
  15 fungi
  132 plants
1924 creatures vanquished.

Vanquished Creatures (collateral kills)
  Frederick (Crypt:3)
  A lich (Crypt:3)
  2 sphinxes
  A fire giant (Vaults:3)
  A vault warden (Vaults:4)
  A deep elf sorcerer (Elf:3)
  An ironheart preserver (Vaults:4)
  A bennu (Tomb:2)
  An ettin (Vaults:5)
  A two-headed ogre (Vaults:2)
  2 hydras
  A merfolk avatar (Shoals:4)
  A death scarab (Tomb:2)
  3 satyrs (Shoals:4)
  A tengu warrior (D:15)
  2 deep elf knights
  A sea snake (Shoals:1)
  A hell knight (Vaults:5)
  An unseen horror (D:13)
  A wizard (Vaults:3)
  A deep elf archer (Elf:1)
  4 harpies
  5 deep elf magi
  2 orc knights
  3 fauns
  6 ugly things (D:15)
  2 wolf spiders (Lair:2)
  3 manticores
  A salamander (shapeshifter) (Vaults:5)
  A cyclops (D:11)
  An elephant (Lair:5)
  A centaur zombie (D:15)
  A black mamba (Lair:6)
  2 vault sentinels
  4 yaktaurs
  2 guardian mummies (Tomb:1)
  2 merfolk
  4 hornets (Lair:6)
  4 dream sheep
  2 slime creatures (D:13)
  2 snapping turtles
  An alligator zombie (Tomb:1)
  A flying skull (Tomb:1)
  5 water elementals
  8 yaks
  An ushabti (Tomb:1)
  A steam dragon (D:11)
  A vampire mosquito (D:14)
  A water moccasin (Lair:6)
  An orc warrior (Crypt:3)
  An ogre (Vaults:2)
  A crocodile (Lair:6)
  2 bullfrogs (D:15)
  2 wights
  A howler monkey (D:13)
  A mummy (Tomb:1)
  A howler monkey skeleton (D:5)
  An orc (Crypt:3)
  2 goblins (D:8)
110 creatures vanquished.

Vanquished Creatures (others)
  2 stone giants
  2 yaktaur captains (Vaults:5)
  A deep elf knight (Elf:1)
  A deep elf mage (Elf:3)
  A vault sentinel (Vaults:3)
  6 yaktaurs
  A water elemental (Shoals:2)
  A steam dragon (Lair:6)
  An orc warrior (Orc:2)
  A swamp drake (Lair:6)
  Blork the orc (D:5)
  A bush (Elf:1)
  18 fungi
  53 plants
  A withered plant (Shoals:4)
91 creatures vanquished.

Grand Total: 2125 creatures vanquished

Notes
Turn   | Place    | Note
-------+----------+-------------------------------------------
     0 | D:1      | McKennaii the Demonspawn Fighter began the quest for the
                  | Orb.
     0 | D:1      | Reached XP level 1. HP: 18/18 MP: 1/1
   138 | D:1      | Reached skill level 2 in Long Blades
   138 | D:1      | Gained mutation: You have a pair of small horns on your
                  | head. [demonic ancestry]
   138 | D:1      | Reached XP level 2. HP: 22/24 MP: 2/2
   308 | D:1      | Gained mutation: You have a pair of horns on your head.
                  | [demonic ancestry]
   308 | D:1      | Reached XP level 3. HP: 29/29 MP: 3/3
   933 | D:2      | Reached XP level 4. HP: 21/35 MP: 4/4
  1219 | D:2      | Found a glowing golden altar of the Shining One.
  1542 | D:2      | Reached skill level 3 in Long Blades
  2190 | D:3      | Noticed Natasha
  2204 | D:3      | Killed Natasha
  2214 | D:3      | Gained mutation: You are partially covered in yellow
                  | scales. (AC +2) [demonic ancestry]
  2214 | D:3      | Reached XP level 5. HP: 23/41 MP: 2/5
  2369 | D:3      | Noticed Ijyb
  2393 | D:3      | Killed Ijyb
  2393 | D:3      | Reached skill level 4 in Long Blades
  2651 | D:3      | Found a faded altar of an unknown god.
  2651 | D:3      | Found a shadowy altar of Dithmenos.
  2656 | D:3      | Found an ornate altar of the Wu Jian Council.
  2658 | D:3      | Found a faded altar of an unknown god.
  2659 | D:3      | Found a shattered altar of Ashenzari.
  3380 | D:4      | Gained mutation: You are mostly covered in yellow scales.
                  | (AC +3) [demonic ancestry]
  3380 | D:4      | Reached XP level 6. HP: 45/48 MP: 6/6
  3546 | D:4      | Found a radiant altar of Vehumet.
  3889 | D:5      | Entered Level 5 of the Dungeon
  3948 | D:5      | Noticed Edmund
  3949 | D:5      | Noticed Blork the orc
  3956 | D:5      | Killed Edmund
  3967 | D:5      | Noticed an ice beast
  3976 | D:5      | Your ally died
  3978 | D:5      | Killed an ice beast
  4016 | D:5      | Noticed Grinder
  4026 | D:5      | Found a hazy altar of Hepliaklqana.
  4034 | D:5      | Paralysed by Grinder for 4 turns
  4047 | D:5      | Reached XP level 7. HP: 33/53 MP: 4/7
  4049 | D:5      | Killed Grinder
  4049 | D:5      | Reached skill level 5 in Long Blades
  4343 | D:5      | Found a runed translucent door.
  4344 | D:5      | Noticed Crazy Yiuf
  4395 | D:5      | Got a slimy chain mail
  4406 | D:5      | Identified the +1 chain mail of Polish {rElec rPois rF+
                  | Int+5} (You found it on level 5 of the Dungeon)
  4567 | D:5      | Killed Crazy Yiuf
  4567 | D:5      | Reached skill level 6 in Long Blades
  4637 | D:6      | Reached XP level 8. HP: 48/60 MP: 6/8
  4848 | D:6      | Reached skill level 5 in Armour
  5132 | D:6      | Reached skill level 7 in Long Blades
  5149 | D:6      | Found a snail-covered altar of Cheibriados.
  5253 | D:6      | Found Ubrepse's Gadget Shoppe.
  5324 | D:6      | Reached skill level 1 in Dodging
  5424 | D:6      | Found the +7 Singing Sword {slice, sonic wave}
  5695 | D:7      | Found a bloodstained altar of Trog.
  5725 | D:7      | Reached skill level 8 in Long Blades
  5829 | D:7      | Noticed Harold
  5833 | D:7      | Paralysed by Harold for 4 turns
  5842 | D:7      | Paralysed by Harold for 5 turns
  5849 | D:7      | Killed Harold
  5849 | D:7      | Gained mutation: A weak demonic guardian rushes to your
                  | aid. [demonic ancestry]
  5849 | D:7      | Reached XP level 9. HP: 56/66 MP: 9/9
  5860 | D:7      | Reached skill level 9 in Long Blades
  5993 | D:7      | Found a staircase to the Ecumenical Temple.
  6191 | D:7      | Reached skill level 5 in Fighting
  6222 | D:7      | Found a glowing silver altar of Zin.
  6223 | D:7      | Found a shimmering blue altar of Sif Muna.
  6568 | D:8      | Reached skill level 10 in Long Blades
  6568 | D:8      | Reached skill level 5 in Shields
  6586 | D:8      | Found a flagged portal.
  6596 | Bailey   | Entered a bailey
  6766 | Bailey   | Noticed an orc knight
  6766 | Bailey   | Noticed an orc knight
  6835 | Bailey   | Got a bloodstained plate armour
  6846 | Bailey   | Killed an orc knight
  6846 | Bailey   | Reached XP level 10. HP: 13/74 MP: 4/10
  7250 | D:8      | Identified the +8 plate armour "Huept" {rElec rN++ MR++}
                  | (You found it in a bailey)
  7529 | D:8      | Found a stormy altar of Qazlal.
  7536 | D:8      | Noticed Prince Ribbit
  7545 | D:8      | Killed Prince Ribbit
  7646 | D:8      | Found Juducw's Armour Shop.
  7662 | D:9      | Reached skill level 1 in Stealth
  7749 | D:9      | Reached skill level 11 in Long Blades
  7778 | D:9      | Found a hide-covered altar of Uskayaw.
  8094 | D:9      | Noticed a two-headed ogre
  8112 | D:9      | Killed a two-headed ogre
  8337 | D:10     | Entered Level 10 of the Dungeon
  8355 | D:10     | Found Giclel's General Store.
  8367 | D:10     | Bought a scroll of identify for 28 gold pieces
  8367 | D:10     | Bought 3 scrolls of teleportation for 126 gold pieces
  8367 | D:10     | Bought a potion of heal wounds for 70 gold pieces
  8399 | D:10     | Gained mutation: You have a pair of large horns on your
                  | head. [demonic ancestry]
  8399 | D:10     | Reached XP level 11. HP: 81/81 MP: 11/11
  8619 | D:10     | Reached skill level 12 in Long Blades
  8653 | D:10     | Found a staircase to the Lair.
  8692 | D:10     | Noticed Ulophu's ghost (journeyman TrMo)
  8713 | D:10     | Found a transporter.
  8718 | D:10     | Found a transporter.
  8740 | D:10     | Killed Ulophu's ghost
  9188 | Lair:1   | Entered Level 1 of the Lair of Beasts
  9220 | Lair:1   | Noticed a four-headed hydra
  9315 | D:11     | Noticed Urug
  9322 | D:11     | Reached skill level 13 in Long Blades
  9329 | D:11     | Killed Urug
  9351 | D:11     | Noticed Snorg
  9359 | D:11     | Killed Snorg
  9438 | D:11     | Gained mutation: A demonic guardian rushes to your aid.
                  | [demonic ancestry]
  9438 | D:11     | Reached XP level 12. HP: 89/89 MP: 5/12
 10246 | D:12     | Noticed Rupert
 10252 | D:12     | Killed Rupert
 10252 | D:12     | Reached skill level 14 in Long Blades
 10304 | D:12     | Found a staircase to the Orcish Mines.
 10582 | D:12     | Noticed a two-headed ogre
 10586 | D:12     | Killed a two-headed ogre
 10770 | D:13     | Noticed Azrael
 10782 | D:13     | Killed Azrael
 10935 | Temple   | Entered the Ecumenical Temple
 11084 | Temple   | Became a worshipper of Makhleb the Destroyer
 11374 | D:13     | Found a gate to the Vaults.
 11375 | D:13     | Noticed a yaktaur captain
 11389 | D:13     | Reached XP level 13. HP: 74/98 MP: 6/13
 11394 | D:13     | Reached skill level 15 in Long Blades
 11578 | D:13     | Noticed Frances
 11665 | D:13     | Killed Frances
 11678 | D:13     | Noticed Josephine
 11687 | D:13     | Killed Josephine
 11907 | D:13     | Reached * piety under Makhleb
 12213 | D:14     | Reached ** piety under Makhleb
 12502 | D:14     | Reached skill level 10 in Armour
 12553 | D:14     | Reached skill level 16 in Long Blades
 12827 | D:3      | Noticed Natasha
 12832 | D:3      | Killed Natasha
 12911 | D:3      | Noticed Natasha
 12915 | D:3      | Killed Natasha
 13323 | D:15     | Entered Level 15 of the Dungeon
 13417 | D:15     | Reached *** piety under Makhleb
 13504 | D:15     | Reached XP level 14. HP: 108/108 MP: 14/14
 13813 | D:15     | Reached **** piety under Makhleb
 13863 | D:15     | Found a staircase to the Depths.
 14011 | D:15     | Reached skill level 10 in Fighting
 14510 | Lair:1   | You fall into a shaft and drop 1 floor!
 14751 | Lair:2   | Found a staircase to the Shoals.
 15017 | Lair:2   | Found a hole to the Spider Nest.
 15022 | Lair:2   | Reached skill level 1 in Invocations
 15356 | Lair:1   | Reached skill level 17 in Long Blades
 15472 | Lair:1   | Found a hide-covered altar of Uskayaw.
 15528 | Lair:1   | Found a runed translucent gate.
 15528 | Lair:1   | Found a runed translucent gate.
 15528 | Lair:1   | Found a runed translucent gate.
 15581 | Lair:1   | Noticed jaiteiro's ghost (novice CeHu)
 15989 | Lair:1   | Killed jaiteiro's ghost
 16275 | Lair:3   | Reached ***** piety under Makhleb
 17174 | Lair:4   | Found a stormy altar of Qazlal.
 17538 | Lair:5   | Reached XP level 15. HP: 115/115 MP: 15/17
 17902 | Lair:5   | Found a staircase to the Slime Pits.
 18408 | Lair:6   | Entered Level 6 of the Lair of Beasts
 18576 | Lair:6   | Found a runed translucent door.
 18731 | Lair:6   | Paralysed by a hornet for 2 turns
 18934 | Lair:6   | Reached skill level 5 in Invocations
 19333 | Lair:6   | Got a brightly glowing broad axe
 19339 | Lair:6   | Identified the cursed +0 broad axe "Heykuylask" {drain,
                  | +Inv rPois rF-} (You found it on level 6 of the Lair of
                  | Beasts)
 19550 | Shoals:1 | Entered Level 1 of the Shoals
 20417 | Shoals:2 | Reached skill level 10 in Shields
 21540 | Shoals:3 | Gained mutation: You are immune to rotting. [demonic
                  | ancestry]
 21540 | Shoals:3 | Reached XP level 16. HP: 122/125 MP: 16/21
 21564 | Shoals:3 | Noticed Mara
 21566 | Shoals:3 | Reached ****** piety under Makhleb
 21746 | Shoals:3 | Noticed McKennaii's illusion
 21772 | Shoals:3 | Killed Mara
 21870 | Shoals:3 | Found a transporter.
 21870 | Shoals:3 | Identified the ring "Eddod" {Ice rPois Str+9 Int-4}
 21881 | Shoals:3 | Found a transporter.
 21915 | Shoals:3 | Found a transporter.
 21928 | Shoals:3 | Found a transporter.
 21928 | Shoals:3 | Found a transporter.
 22421 | Shoals:4 | Entered Level 4 of the Shoals
 22432 | Shoals:4 | Noticed Bai Suzhen
 22503 | Shoals:4 | Killed Bai Suzhen
 22503 | Shoals:4 | Reached skill level 18 in Long Blades
 23145 | Shoals:4 | Gained mutation: You may emit foul miasma when damaged in
                  | melee. [demonic ancestry]
 23145 | Shoals:4 | Reached XP level 17. HP: 132/132 MP: 24/24
 23166 | Shoals:4 | Reached skill level 10 in Invocations
 23307 | Shoals:4 | Got a barnacled rune of Zot
 23886 | Orc:1    | Entered Level 1 of the Orcish Mines
 23889 | Orc:1    | Found Ruem's Weapon Shop.
 23906 | Orc:1    | Found Amisined's Magic Scroll Emporium.
 23915 | Orc:1    | Bought a scroll of teleportation for 36 gold pieces
 23915 | Orc:1    | Bought a scroll of identify for 24 gold pieces
 23915 | Orc:1    | Bought a scroll of identify for 24 gold pieces
 23915 | Orc:1    | Bought a scroll of identify for 24 gold pieces
 23915 | Orc:1    | Bought a scroll of identify for 24 gold pieces
 23915 | Orc:1    | Bought a scroll of identify for 24 gold pieces
 23915 | Orc:1    | Bought a scroll of magic mapping for 42 gold pieces
 23950 | Orc:1    | Noticed Gastronok
 23961 | Orc:1    | Killed Gastronok
 24040 | Orc:1    | You fall into a shaft and drop 1 floor!
 24040 | Orc:2    | Entered Level 2 of the Orcish Mines
 24040 | Orc:2    | Found Doxta's Jewellery Shop.
 24041 | Orc:2    | Found a staircase to the Elven Halls.
 24115 | Orc:2    | Found Heos Xuk's General Store.
 24285 | Orc:1    | Found a dark tunnel.
 24291 | Volcano  | Entered a volcano
 24554 | Orc:1    | Found Bocasigh's Jewellery Shop.
 24557 | Orc:1    | Bought a +2 amulet of reflection for 82 gold pieces
 24666 | Orc:1    | Found Sahatyd's General Store.
 24669 | Orc:1    | Bought a scroll of identify for 22 gold pieces
 24669 | Orc:1    | Bought a scroll of identify for 22 gold pieces
 24795 | Orc:1    | Identified a scroll of acquirement
 24999 | Orc:2    | Bought a potion of heal wounds for 50 gold pieces
 25047 | Orc:2    | Found Hymel's Antique Weapon Shop.
 25214 | Orc:2    | Found Lyniggar's Antique Armour Shoppe.
 25367 | Elf:1    | Entered Level 1 of the Elven Halls
 25432 | Elf:1    | Found Sioz's Antique Armour Shop.
 25435 | Elf:1    | Found Jytuitet's Antique Weapon Boutique.
 25435 | Elf:1    | Found Woes Qan's Armour Shop.
 25449 | Elf:1    | Found Dakaga's Book Boutique.
 25633 | Elf:1    | Identified Gogasak's Volume of Creative Arcane Weapons
 26384 | Elf:2    | Gained mutation: You are robust. (+10% HP) [demonic
                  | ancestry]
 26384 | Elf:2    | Reached XP level 18. HP: 135/155 MP: 24/26
 26420 | Elf:2    | Found a huge runed translucent gate.
 26420 | Elf:2    | Found a huge runed translucent gate.
 26421 | Elf:2    | Found a huge runed translucent gate.
 26459 | Elf:2    | Gained mutation: You have an increased reservoir of magic.
                  | (+10% MP) [a neqoxec]
 26498 | Elf:2    | Found Todoenun's General Store.
 26522 | Elf:2    | Bought a scroll of magic mapping for 49 gold pieces
 26522 | Elf:2    | Bought a scroll of magic mapping for 49 gold pieces
 26522 | Elf:2    | Bought 2 potions of mutation for 224 gold pieces
 26711 | Elf:2    | Found a huge runed translucent gate.
 26711 | Elf:2    | Found a huge runed translucent gate.
 27051 | Elf:2    | Noticed Jorgrun
 27063 | Elf:2    | Killed Jorgrun
 27195 | Elf:3    | Entered Level 3 of the Elven Halls
 27195 | Elf:3    | Found Meulyij's Assorted Antiques.
 27200 | Elf:3    | Bought 3 scrolls of identify for 210 gold pieces
 27200 | Elf:3    | Bought a scroll of identify for 70 gold pieces
 27200 | Elf:3    | Bought 2 scrolls of identify for 140 gold pieces
 27200 | Elf:3    | Bought a small jade ring for 175 gold pieces
 27290 | Elf:3    | Reached skill level 19 in Long Blades
 27552 | Elf:3    | Found Dimnaen's Book Emporium.
 27987 | Elf:3    | Reached skill level 15 in Armour
 27996 | Elf:3    | Identified the ring of Joebeng {rF+ Dex+5 Stlth+}
 28022 | Elf:3    | Gained mutation: You are completely covered in yellow
                  | scales. (AC +4, rCorr) [demonic ancestry]
 28022 | Elf:3    | Reached XP level 19. HP: 136/163 MP: 14/31
 28215 | Elf:3    | Got an ancient long sword
 28218 | Elf:3    | Identified the +2 long sword of Chaos {elec, Int+4 Dex+2}
                  | (You found it on level 3 of the Elven Halls)
 28271 | Elf:3    | Got a scorched diamond amulet
 28304 | Elf:3    | Identified the amulet of Apanos {+Rage +Fly rC- Int+3} (You
                  | found it on level 3 of the Elven Halls)
 28614 | Vaults:1 | Entered Level 1 of the Vaults
 29594 | Vaults:2 | Found a large runed translucent door.
 29595 | Vaults:2 | Found a large runed translucent door.
 29595 | Vaults:2 | Noticed Lolleill's ghost (adept DgTm)
 29656 | Vaults:2 | Found Puutikh's Armour Emporium.
 29665 | Vaults:2 | Noticed Xtahua
 29675 | Vaults:2 | Killed Xtahua
 29676 | Vaults:2 | Identified the +3 leather armour of Noub Iwe {rC+ rCorr}
 30198 | Vaults:2 | Found a staircase to the Crypt.
 30402 | Vaults:2 | Found a portal to a secret trove of treasure.
 30960 | Vaults:2 | Killed Lolleill's ghost
 31100 | Vaults:3 | Noticed Sojobo
 31114 | Vaults:3 | Killed Sojobo
 31314 | Vaults:3 | Reached XP level 20. HP: 173/173 MP: 32/32
 31341 | Vaults:3 | Noticed Asterion
 31355 | Vaults:3 | Killed Asterion
 31383 | Vaults:3 | Reached skill level 15 in Shields
 31779 | Vaults:3 | Noticed Aizul
 31780 | Vaults:3 | Noticed Boris
 31791 | Vaults:3 | Killed Aizul
 31797 | Vaults:3 | Reached skill level 20 in Long Blades
 31806 | Vaults:3 | Killed Boris
 31887 | Vaults:3 | Found Pachy's Antique Armour Emporium.
 31906 | Vaults:3 | Found a hide-covered altar of Uskayaw.
 32021 | Vaults:3 | You fall into a shaft and drop 1 floor!
 32876 | Vaults:4 | Gained mutation: A powerful demonic guardian rushes to your
                  | aid. [demonic ancestry]
 32876 | Vaults:4 | Reached XP level 21. HP: 182/182 MP: 34/34
 33426 | Vaults:5 | Entered Level 5 of the Vaults
 33496 | Vaults:5 | Reached skill level 15 in Invocations
 33671 | Vaults:5 | Identified the cursed +1 hand axe of the Spider {freeze,
                  | MP+9 Str+3 Dex+4 Stlth+}
 33698 | Vaults:5 | Gained mutation: You are very robust. (+20% HP) [demonic
                  | ancestry]
 33698 | Vaults:5 | Reached XP level 22. HP: 182/207 MP: 23/36
 33776 | Vaults:5 | Identified the +2 leather armour of Insatiable Hunger
                  | {rElec MR+ Str+4 Dex-4}
 33776 | Vaults:5 | Identified the amulet "Hablir" {+Rage rPois Dex+2}
 33835 | Vaults:5 | Found Cothrech's Armour Boutique.
 34042 | Vaults:5 | Identified the cursed +1 whip of Dithmenos's Esteem {slash,
                  | rElec Dex+6}
 34042 | Vaults:5 | Noticed Boris
 34050 | Vaults:5 | Killed Boris
 34464 | Vaults:5 | Noticed a golden dragon
 34475 | Vaults:5 | Killed a golden dragon
 34752 | Vaults:5 | Got a silver rune of Zot
 35198 | Crypt:1  | Entered Level 1 of the Crypt
 35516 | Crypt:1  | Reached skill level 15 in Fighting
 35582 | Crypt:1  | Found a large runed translucent door.
 35582 | Crypt:1  | Found a large runed translucent door.
 35583 | Crypt:1  | Noticed nano's ghost (adept FeIE)
 35626 | Crypt:1  | Killed nano's ghost
 35649 | Crypt:1  | Got a translucent wooden ring
 35651 | Crypt:1  | Identified the ring of Day {+Fly rPois MR+ Str+2 Slay-3}
                  | (You found it on level 1 of the Crypt)
 35982 | Crypt:2  | Reached skill level 21 in Long Blades
 36393 | Crypt:2  | Found a runed translucent gate.
 36393 | Crypt:2  | Found a runed translucent gate.
 36393 | Crypt:2  | Found a runed translucent gate.
 36393 | Crypt:2  | Noticed Jetyrhek's ghost (veteran GrEE)
 36472 | Crypt:2  | Killed Jetyrhek's ghost
 36520 | Crypt:3  | Entered Level 3 of the Crypt
 36579 | Crypt:3  | Noticed Frederick
 36608 | Crypt:3  | Killed Frederick
 37105 | Crypt:3  | Identified Camewot's Incunabulum of Dark Transmigration
 37394 | Crypt:3  | Found a staircase to the Tomb.
 37444 | Crypt:3  | Noticed an ancient lich
 37447 | Crypt:3  | Killed an ancient lich
 37591 | Crypt:3  | Identified the +5 long sword of Propriety {pain, rF+ rC-
                  | MR+ SInv} (You found it on level 3 of the Crypt)
 37747 | Crypt:3  | Found an ancient bone altar of Kikubaaqudgha.
 37770 | Crypt:3  | Found the ring of Shadows {Umbra +Inv Stlth+}
 37801 | Crypt:3  | Noticed Saint Roka
 37808 | Crypt:3  | Noticed an ancient lich
 37816 | Crypt:3  | Killed an ancient lich
 37816 | Crypt:3  | Gained mutation: You frequently emit foul miasma when
                  | damaged in melee. [demonic ancestry]
 37816 | Crypt:3  | Reached XP level 23. HP: 217/217 MP: 38/38
 37862 | Crypt:3  | Killed Saint Roka
 38592 | Tomb:1   | Entered Level 1 of the Tomb of the Ancients
 38805 | Tomb:1   | Noticed a greater mummy
 38807 | Tomb:1   | Noticed a greater mummy
 38817 | Tomb:1   | Killed a greater mummy
 38822 | Tomb:1   | Killed a greater mummy
 39614 | Tomb:2   | Noticed a greater mummy
 39614 | Tomb:2   | Noticed a greater mummy
 39615 | Tomb:2   | Noticed a greater mummy
 39615 | Tomb:2   | Noticed a greater mummy
 39626 | Tomb:2   | Killed a greater mummy
 39629 | Tomb:2   | Killed a greater mummy
 39634 | Tomb:2   | Killed a greater mummy
 39637 | Tomb:2   | Killed a greater mummy
 40149 | Tomb:1   | Noticed a greater mummy
 40149 | Tomb:1   | Noticed a greater mummy
 40150 | Tomb:1   | Noticed a greater mummy
 40151 | Tomb:1   | Noticed a greater mummy
 40151 | Tomb:1   | Noticed a greater mummy
 40151 | Tomb:1   | Noticed a greater mummy
 40151 | Tomb:1   | Noticed a greater mummy
 40151 | Tomb:1   | Noticed a greater mummy
 40152 | Tomb:1   | Noticed a greater mummy
 40153 | Tomb:1   | Noticed a greater mummy
 40156 | Tomb:1   | Killed a greater mummy
 40539 | Tomb:1   | Noticed a greater mummy
 40545 | Tomb:1   | HP: 4/219 [greater mummy (16)]
 40545 | Tomb:1   | Killed from afar by a greater mummy

Levels and vault maps discovered:
D:1:      tarquinn_simple_flora_water_b, layout_basic
D:2:      layout_basic, tso_metal_star, minmay_box_of_dots
D:3:      layout_basic, chequers_temple_overflow_minitemple, uniq_ijyb,
          uniq_natasha
D:4:      layout_basic, vehumet_statue, serial_glass, glass_columns_c,
          glass_columns_a, minmay_close_crescents
D:5:      layout_rooms, basic_altar, first_ration, uniq_grinder, uniq_edmund,
          uniq_blork_the_orc, uniq_crazy_yiuf_cottage
D:6:      old_forge, layout_rooms, cheibrodos_worm_habitat, serial_shops, shop
D:7:      layout_loops_corners, overflow_temple_1_default,
          gammafunk_temple_overflow_pools, minmay_temple_entry_from_below_a,
          uniq_harold
D:8:      layout_rooms, enter_bailey_3, serial_shops, shop, basic_altar,
          uniq_prince_ribbit1
D:9:      layout_irregular_city, basic_altar, grunt_livestock
D:10:     layout_roguey, david_lair_shrubbed, serial_shops, nicolae_shop_trees,
          gammafunk_ghost_hive
D:11:     layout_basic, uniq_urug, uniq_snorg
D:12:     layout_rooms, hiddenorc2_lemuel, uniq_rupert
D:13:     layout_basic, david_vaults_2, uniq_josephine, uniq_azrael,
          uniq_frances
D:14:     layout_basic
D:15:     hangedman_depths_entry_try_elsewhere_first, layout_irregular_city,
          columned_hall_lemuel, minmay_misc_feat_tower, serial_park_tiny_1,
          grunt_ministairs_3, minmay_fractal_squares_diagonal_5
Temple:   nicolae_temple_figure_eight
Lair:1:   layout_cave_shapes, maelrawn_ghost_gauntlet_escape, basic_altar,
          fungi_pond_lemuel, lemuel_fruit_fields
Lair:2:   layout_small_grid, elwin_shoals_entry_rooms,
          spider_nest_entry_funnel_web, minivault_23,
          eino_small_chamber_without_monster, st_stairs_11
Lair:3:   layout_chaotic_city, lemuel_fruit_fields
Lair:4:   layout_loops_ring, basic_altar, chequers_serial_rivers_micro_c
Lair:5:   layout_regular_city, minmay_slime_entry_pillars, serial_bayou_shore_b
Lair:6:   wormcave, layout_gridlike, guppyfry_lair_end_dragon
Shoals:1: layout_shoals
Shoals:2: layout_shoals
Shoals:3: gammafunk_the_bubble [the_bubble_gammafunk_roulette], layout_shoals,
          uniq_mara
Shoals:4: shoals_end_grunt_garden, layout_shoals, argonaut_gorgonesque,
          uniq_bai_suzhen
Orc:1:    layout_caves, enter_volcano_3, serial_shops,
          nicolae_shop_behind_doors, shop, nicolae_shop_crystal,
          nicolae_shop_behind_doors, elf_legates, uniq_gastronok
Orc:2:    grunt_orc_gardens, layout_diamond_mine, grunt_orc_garden,
          grunt_orc_garden, grunt_orc_garden, grunt_orc_garden, special_room
Elf:1:    eino_elf_arrival_sip, layout_geoelf_octagon, minmay_elf_sorcery,
          minmay_shoptagon
Elf:2:    layout_geoelf_octagon, serial_shops, shop, minivault_25, uniq_jorgrun
Elf:3:    minmay_elf_hall_x, layout_geoelf_octagon, serial_shops, shop,
          shop_fountains
Vaults:1: hangedman_vaults_corner_blocks, vaults_mumra_minichess_inversion,
          nicolae_vaults_back_hallway, serial_ice_b, ontoclasm_vaults_bender,
          v_rooms_4, hangedman_vaults_pinch,
          hangedman_vaults_stretched_pinwheel, hangedman_vaults_capsules,
          vaults_room_pool, hangedman_vaults_impose, layout_vaults_omnicross
Vaults:2: ebering_vaults_ghost_disaster_area, v_rooms_2,
          nicolae_vaults_hallways_thing, grunt_vaults_hallway_short,
          minmay_crypt_entry_simple_walls, nicolae_vaults_little_squares_3,
          layout_vaults_omnigrid, serial_shops, shop,
          nicolae_trove_entry_crossroad, uniq_xtahua
Vaults:3: v_misc_5, v_pattern_1, hangedman_vaults_variations, st_eye, v_misc_30,
          nicolae_vaults_ninety_degrees, dpeg_vaults_monster_box,
          v_alt_pattern_1, nicolae_vaults_big_angled_halls, v_misc_22,
          ontoclasm_vaults_shuriken, ontoclasm_vaults_gateway, v_misc_13,
          v_misc_25, layout_vaults_maze, basic_altar, serial_shops, shop,
          uniq_aizul, uniq_asterion, uniq_sojobo, uniq_boris
Vaults:4: nicolae_vaults_triangles, grunt_vaults_diagonal, grunt_vaults_bifocal,
          nicolae_vaults_little_squares_3, nicolae_vaults_border_crossing,
          nicolae_vaults_rhombus_6, v_pattern_5, hangedman_vaults_trim,
          v_misc_5, hangedman_vaults_snaps, v_misc_15, layout_vaults_omnibox
Vaults:5: serial_shops
Crypt:1:  layout_gridlike, ebering_ghost_disaster_area
Crypt:2:  layout_chaotic_city, ebering_ghost_rock_garden
Crypt:3:  quadcrypt_mu, uniq_saint_roka, uniq_frederick
Tomb:1
Tomb:2

Skill      XL: |  1  2  3  4  5  6  7  8  9 10 11 12 13 14 15 16 17 18 19 20 21 22 23 |
---------------+----------------------------------------------------------------------+-----
Long Blades    | 2 3 4 6 8 10 11 13 14 16 17 18 19 20 21 | 21.7
Armour         | 3 4 6 7 8 9 10 11 12 13 14 15 16 17 | 17.3
Shields        | 3 4 5 6 7 8 9 10 11 12 13 14 16 17 18 20 | 20.2
Fighting       | 4 5 6 7 9 10 11 12 13 14 15 | 15.7
Dodging        | 1 2 3 |  3.6
Stealth        | 1 2 3 4 |  4.1
Invocations    | 2 7 9 11 12 13 14 15 16 | 16.3
Unarmed Combat | |  0.6
Evocations     | |  0.7

Action                   |  1- 3 |  4- 6 |  7- 9 | 10-12 | 13-15 | 16-18 | 19-21 | 22-24 || total
-------------------------+-------+-------+-------+-------+-------+-------+-------+-------++-------
Melee: Long sword        |   110 |   155 |   187 |       |       |       |       |       ||   452
       Headbutt          |    16 |    32 |    48 |    76 |   182 |   188 |   284 |   267 ||  1093
       Unarmed           |       |    15 |       |       |       |       |       |       ||    15
       Double sword      |       |       |    78 |   371 |   902 |   835 |   843 |   768 ||  3797
Invok: Lesser Servant of |       |       |       |       |    12 |     4 |       |       ||    16
       Minor Destruction |       |       |       |       |     3 |     1 |       |       ||     4
       Major Destruction |       |       |       |       |       |     5 |     1 |       ||     6
Evoke: Wand              |       |     4 |       |       |     1 |       |       |       ||     5
       Phantom mirror    |       |       |     1 |       |       |       |       |       ||     1
  Use: Potion            |       |     1 |     1 |     3 |     1 |     1 |       |     2 ||     9
       Scroll            |       |       |       |    10 |     9 |    20 |     3 |     4 ||    46
 Stab: Held in net/web   |       |       |     1 |       |       |       |       |       ||     1
       Betrayed ally     |       |       |       |     3 |       |       |       |       ||     3
       Distracted        |       |       |       |     3 |     3 |     4 |     5 |     1 ||    16
  Eat: Chunk             |       |     4 |     9 |    11 |    36 |    21 |    18 |     3 ||   102
       Ration            |       |     2 |       |     1 |       |       |     1 |     5 ||     9
Armor: Scale mail        |    61 |    18 |       |       |       |       |       |       ||    79
       Plate armour      |       |    82 |    31 |   197 |   597 |   340 |   229 |   203 ||  1679
       Skin              |       |     1 |       |       |       |       |       |       ||     1
       Chain mail        |       |       |   160 |     3 |       |       |       |       ||   163
Dodge: Dodged            |    33 |    28 |    79 |    68 |   186 |   167 |   108 |   104 ||   773
Block: Shield            |    53 |    72 |   194 |   168 |   468 |   437 |    88 |       ||  1480
       Reflection        |       |       |       |       |       |    38 |   100 |    13 ||   151
       Large shield      |       |       |       |       |       |    20 |   706 |   740 ||  1466
       Rpst.: Long sword |    14 |    10 |    13 |       |       |       |       |       ||    37
       Double sword      |       |       |     5 |    15 |    25 |    23 |    16 |    10 ||    94
